 Dungeon Crawl Stone Soup version 0.23-a0-470-g6f7cfd9739 (webtiles) character file.

94 PhenomeGnoll the Charlatan (level 4, -8/34 HPs)
             Began as a Gnoll Wanderer on Nov 27, 2018.
             Was a Believer of Zin.
             Mangled by Sigmund
             ... wielding a +0 scythe
              (9 damage)
             ... on level 3 of the Dungeon.
             The game lasted 00:13:10 (3357 turns).

PhenomeGnoll the Charlatan (Gnoll Wanderer)         Turns: 3357, Time: 00:13:11

Health: -8/34      AC:  6    Str: 15    XL:     4   Next: 63%
Magic:  8/8        EV: 11    Int: 16    God:    Zin [**....]
Gold:   173        SH:  0    Dex: 16    Spells: 7/9 levels left

rFire    . . .     SeeInvis .   a - +0 short sword
rCold    . . .     Gourm    .   (no shield)
rNeg     . . .     Faith    .   r - +0 ring mail
rPois    ∞         Spirit   .   (no helmet)
rElec    .         Reflect  .   y - scarf {repulsion}
rCorr    .         Harm     .   (no gloves)
MR       .....                  (no boots)
Stlth    +.........             (no amulet)
HPRegen  0.11/turn              (no ring)
MPRegen  0.11/turn              (no ring)

@: vitalised, repel missiles
A: distributed training, fangs 1, strong nose
a: Recite, Vitalisation, Donate Gold, Renounce Religion


You were on level 3 of the Dungeon.
You worshipped Zin.
Zin was pleased with you.
You were not hungry.

You visited 1 branch of the dungeon, and saw 3 of its levels.

You collected 192 gold pieces.
You donated 19 gold pieces to Zin.

Inventory:

Hand Weapons
 a - a +0 short sword (weapon)
 b - a +0 hunting sling
 s - a +0 dagger
Missiles
 h - 119 stones (quivered)
 i - 55 bolts
 t - 23 poisoned needles
 z - 4 tomahawks
Armour
 q - a +0 cloak
 r - a +0 ring mail (worn)
 v - a +0 scale mail
 y - a scarf of repulsion (worn)
Jewellery
 e - a cursed ring of attention {unknown}
Scrolls
 g - a scroll of fog {unknown}
 k - a scroll of fear
 l - 5 scrolls of identify
 m - a scroll of noise {unknown}
 n - 3 scrolls of remove curse {unknown}
 p - 2 scrolls of amnesia {unknown}
 x - a scroll of random uselessness {unknown}
 C - a scroll of magic mapping {unknown}
Potions
 j - 2 potions of haste
 o - a potion of curing {unknown}
 u - a potion of flight {unknown}
 w - a potion of berserk rage {unknown}
 B - a potion of might {unknown}
Miscellaneous
 d - a lamp of fire
Comestibles
 f - 5 rations


   Skills:
 + Level 2.8 Fighting
 + Level 1.2 Short Blades
 + Level 1.2 Long Blades
 + Level 1.2 Axes
 + Level 1.2 Maces & Flails
 + Level 1.2 Polearms
 + Level 1.2 Staves
 + Level 1.2 Slings
 + Level 1.2 Bows
 + Level 1.2 Crossbows
 + Level 1.2 Throwing
 + Level 4.6 Armour
 + Level 1.2 Dodging
 + Level 1.2 Stealth
 + Level 1.2 Shields
 + Level 1.2 Unarmed Combat
 + Level 3.0 Spellcasting
 + Level 1.0 Conjurations
 + Level 1.0 Hexes
 + Level 1.0 Charms
 + Level 1.0 Summonings
 + Level 3.8 Necromancy
 + Level 1.0 Translocations
 + Level 1.0 Transmutations
 + Level 3.8 Fire Magic
 + Level 1.0 Ice Magic
 + Level 1.0 Air Magic
 + Level 1.0 Earth Magic
 + Level 1.0 Poison Magic
 + Level 1.3 Invocations
 + Level 4.6 Evocations


You had 7 spell levels left.
You knew the following spells:

 Your Spells              Type           Power        Failure   Level  Hunger
a - Corpse Rot            Necr           N/A          11%         2    ##.....

Your spell library contained the following spells:

 Spells                   Type           Power        Failure   Level  Hunger
 Sublimation of Blood     Necr           ##........   11%         2    ##.....


Dungeon Overview and Level Annotations

Branches:
Dungeon (3/15)

Altars:
Hepliaklqana
Ru
Trog
Zin

Annotations:
D:2 exclusion: downstairs
D:3 Sigmund


Innate Abilities, Weirdness & Mutations

Your experience applies equally to all skills.
You have very sharp teeth.
Your uncanny sense of smell can sniff out nearby items.


Message History

Your divine stamina protects you from confusion!
You closely miss something. Something hits you.
You miss something. You bite something. Something hits you.
You hit something. You barely miss something. Something hits you.
You closely miss something. You miss something. Something hits you!
* * * LOW HITPOINT WARNING * * *
You barely miss something. You hit something.
Something hits you but does no damage.
You hit something. Your bite misses something.
You are ready to recite again.
You hit something. You bite something. Something completely misses you.
You hit something. Something hits you but does no damage.
You hit something. You bite something. Something hits you but does no damage.
You barely miss something. You hit something. You bite something.
Something hits you!
* * * LOW HITPOINT WARNING * * *
You hit something. You bite something. Something hits you!
You die...

∆#.###### #......#
######.# ##
#####....#.# #.
#...#......######.
#.#.####.##.......
#####.#.# #.##.###.##
#.....#.####.##.# #.#
#....@#......##.###.##
#....{#########.<.....
#...... #####.##
###..... #.# .......
#.# ........# #.#
......#### #.....(# ∆


There were no monsters in sight!

Vanquished Creatures
  A jelly (D:3)
  An adder (D:2)
  A shadow imp (D:3)
  A worm (D:2)
  A leopard gecko (D:1)
  An orc (D:3)
  5 bats
  3 giant cockroaches (D:1)
  7 goblins
  5 hobgoblins
  8 kobolds
  A quokka (D:1)
  2 frilled lizards (D:1)
  4 rats
41 creatures vanquished.

Notes
Turn   | Place    | Note
-------+----------+-------------------------------------------
     0 | D:1      | PhenomeGnoll the Gnoll Wanderer began the quest for the
                  | Orb.
     0 | D:1      | PhenomeGnoll set off with the following items: a lamp of
                  | fire, a +0 ring mail, a +0 dagger, a ration; and the
                  | following spells available to memorise: Corpse Rot,
                  | Sublimation of Blood
     0 | D:1      | Reached XP level 1. HP: 17/17 MP: 4/4
   561 | D:1      | Reached XP level 2. HP: 23/23 MP: 5/5
   567 | D:1      | Learned a level 2 spell: Corpse Rot
  1543 | D:2      | Reached XP level 3. HP: 21/28 MP: 7/7
  1698 | D:2      | Found a glowing silver altar of Zin.
  1701 | D:2      | Became a worshipper of Zin the Law-Giver
  1793 | D:2      | Reached skill level 1 in Invocations
  1871 | D:2      | Reached * piety under Zin
  2059 | D:2      | Found a sacrificial altar of Ru.
  2151 | D:2      | Found a hazy altar of Hepliaklqana.
  2255 | D:3      | Noticed Sigmund
  2334 | D:3      | Found a bloodstained altar of Trog.
  2548 | D:3      | Reached ** piety under Zin
  2613 | D:3      | Reached skill level 1 in Short Blades
  2613 | D:3      | Reached skill level 1 in Long Blades
  2613 | D:3      | Reached skill level 1 in Axes
  2613 | D:3      | Reached skill level 1 in Maces & Flails
  2613 | D:3      | Reached skill level 1 in Polearms
  2613 | D:3      | Reached skill level 1 in Staves
  2613 | D:3      | Reached skill level 1 in Slings
  2613 | D:3      | Reached skill level 1 in Bows
  2613 | D:3      | Reached skill level 1 in Crossbows
  2613 | D:3      | Reached skill level 1 in Throwing
  2613 | D:3      | Reached skill level 1 in Dodging
  2613 | D:3      | Reached skill level 1 in Stealth
  2613 | D:3      | Reached skill level 1 in Shields
  2613 | D:3      | Reached skill level 1 in Unarmed Combat
  2613 | D:3      | Reached XP level 4. HP: 31/34 MP: 8/8
  3055 | D:3      | Reached skill level 1 in Conjurations
  3055 | D:3      | Reached skill level 1 in Hexes
  3055 | D:3      | Reached skill level 1 in Charms
  3055 | D:3      | Reached skill level 1 in Summonings
  3055 | D:3      | Reached skill level 1 in Translocations
  3055 | D:3      | Reached skill level 1 in Transmutations
  3055 | D:3      | Reached skill level 1 in Ice Magic
  3055 | D:3      | Reached skill level 1 in Air Magic
  3055 | D:3      | Reached skill level 1 in Earth Magic
  3055 | D:3      | Reached skill level 1 in Poison Magic
  3356 | D:3      | HP: 1/34 [something (8)]
  3357 | D:3      | Mangled by Sigmund

Vault maps used:
D:1:      dpeg_arrival_long_road, chequers_serial_rivers_room_b,
          minmay_liquid_box
D:2:      lemuel_round_altar, zin_statuary, nicolae_ru_awakened_eye,
          first_ration
D:3:      lemuel_round_altar, minmay_goblin_outpost, uniq_sigmund

Skill      XL: |  1  2  3  4 |
---------------+-------------+-----
Invocations    | 1 |  1.3
Short Blades   | 1 |  1.2
Long Blades    | 1 |  1.2
Axes           | 1 |  1.2
Maces & Flails | 1 |  1.2
Polearms       | 1 |  1.2
Staves         | 1 |  1.2
Slings         | 1 |  1.2
Bows           | 1 |  1.2
Crossbows      | 1 |  1.2
Throwing       | 1 |  1.2
Dodging        | 1 |  1.2
Stealth        | 1 |  1.2
Shields        | 1 |  1.2
Unarmed Combat | 1 |  1.2
Spellcasting   | 3 |  3.0
Conjurations   | 1 |  1.0
Hexes          | 1 |  1.0
Charms         | 1 |  1.0
Summonings     | 1 |  1.0
Translocations | 1 |  1.0
Transmutations | 1 |  1.0
Ice Magic      | 1 |  1.0
Air Magic      | 1 |  1.0
Earth Magic    | 1 |  1.0
Poison Magic   | 1 |  1.0
Fighting       | |  2.8
Armour         | |  4.6
Necromancy     | |  3.8
Fire Magic     | |  3.8
Evocations     | |  4.6

Action                   |  1- 3 |  4- 6 || total
-------------------------+-------+-------++-------
Melee: Dagger            |   129 |       ||   129
       Bite              |    18 |     5 ||    23
       Short sword       |    15 |    26 ||    41
 Fire: Hunting sling     |    29 |    13 ||    42
Throw: Stone             |     8 |       ||     8
 Cast: Corpse Rot        |     2 |       ||     2
Invok: Recite            |       |     1 ||     1
       Vitalisation      |       |     1 ||     1
  Use: Scroll            |     3 |     1 ||     4
  Eat: Ration            |     1 |     1 ||     2
       Chunk             |     1 |       ||     1
Armor: Ring mail         |    75 |     9 ||    84
Dodge: Dodged            |    78 |    11 ||    89
       Deflected         |     2 |     4 ||     6

Table legend:
 A = Non-vault XP
 B = Vault XP
 C = Vault XP percentage of total XP
 D = Non-vault monster count
 E = Vault monster count
 F = Vault count percentage of total count
                 A         B        C        D         E       F
            +---------+---------+-------+---------+---------+-------
      Total |     129 |       6 |   4.4 |      38 |       3 |   7.3
            +---------+---------+-------+---------+---------+-------
        D:1 |      30 |       0 |   0.0 |      18 |       0 |   0.0
        D:2 |      30 |       0 |   0.0 |      10 |       0 |   0.0
        D:3 |      69 |       6 |   8.0 |      10 |       3 |  23.1
            +---------+---------+-------+---------+---------+-------
